 Dungeon Crawl Stone Soup version bcrawl-1.19.2-6-g6a88ae04c9 (webtiles) character file.

Game seed: 10791506641626896631

142 Mrkan the Skirmisher (level 5, -2/47 HPs)
             Began as a Minotaur Fighter on Jan 7, 2020.
             Was a Follower of Lugonu.
             Killed by divine providence
             ... invoked by an orc priest
              (15 damage)
             ... on level 3 of the Dungeon.
             The game lasted 00:03:11 (1607 turns).

Mrkan the Skirmisher (Minotaur Fighter)             Turns: 1607, Time: 00:03:12

Health: -2/47      AC: 13    Str: 20    XL:     5   Next: 3%
Magic:  4/4        EV:  4    Int:  5    God:    Lugonu [*.....]
Gold:   171        SH:  9    Dex: 11    Spells: 4/4 levels left

rFire    . . .     SeeInvis .   a - +0 war axe
rCold    . . .     Gourm    .   c - +0 shield
rNeg     . . .     Faith    .   p - +0 plate armour
rPois    .         Spirit   .   (helmet restricted)
rElec    .         Reflect  .   l - +0 cloak
rCorr    .         Harm     .   (no gloves)
MR       .....                  (no boots)
Stlth    ..........             (no amulet)
HPRegen  0.15/turn              (no ring)
MPRegen  0.09/turn              (no ring)

@: no status effects
A: retaliatory headbutt, horns 2
a: Depart the Abyss, Bend Space, Renounce Religion


You were on level 3 of the Dungeon.
You worshipped Lugonu.
Lugonu was aware of your devotion.
You were not hungry.

You visited 1 branch of the dungeon, and saw 3 of its levels.

You collected 171 gold pieces.

Inventory:

Hand Weapons
 a - a +0 war axe (weapon)
Armour
 b - a +0 scale mail
 c - a +0 shield (worn)
 l - a +0 cloak (worn)
 p - a +0 plate armour (worn)
Jewellery
 h - an uncursed ring of resist corrosion {unknown}
Scrolls
 e - 2 scrolls of noise {unknown}
 g - 3 scrolls of amnesia {unknown}
 i - 5 scrolls of identify {unknown}
 j - 2 scrolls of teleportation {unknown}
 m - 2 scrolls of remove curse {unknown}
 o - a scroll of magic mapping {unknown}
Potions
 d - a potion of might
 k - a potion of haste {unknown}
 q - a potion of agility {unknown}
 r - a potion of ambrosia {unknown}
Comestibles
 f - 5 rations {!d}
 n - 2 chunks of flesh


   Skills:
 + Level 4.4 Fighting
 * Level 4.4 Axes
 + Level 4.4 Armour
 + Level 4.4 Shields
 + Level 0.7 Invocations


You had 4 spell levels left.
You didn't know any spells.
Your spell library was empty.

Dungeon Overview and Level Annotations

Branches:
Dungeon (3/12)

Altars:
Lugonu
Nemelex Xobeh
Okawaru
Qazlal
Xom


Innate Abilities, Weirdness & Mutations

You reflexively headbutt those who attack you in melee.
You have a pair of horns on your head.


Message History

Your shield and plate armour prevent you from hitting the orc.
Your headbutt misses the orc.
The orc priest invokes the aid of Beogh against you.
Beogh smites you! You block the orc's attack.
You closely miss the orc. The orc barely misses you.
A goblin comes into view. It is wielding a +0 dagger.
The orc priest invokes the aid of Beogh against you.
Beogh smites you! You block the orc's attack.
You closely miss the orc. You hit the orc but do no damage.
The orc hits you but does no damage. The orc barely misses you.
You furiously retaliate!
You headbutt the orc!
You kill the orc!
Lugonu accepts your kill.
You closely miss the orc. The orc hits you.
* * * LOW HITPOINT WARNING * * *
A hobgoblin comes into view. It is wielding a +0 club.
The orc completely misses you.
The orc priest calls down the wrath of Beogh upon you.
Beogh smites you!
You die...

#.#.#.............
#<#.#.######.#####
#.#.# #.# # ##
#.#.# #.# # ..
#.#.# #.# #
###.##.#.# #.# #
#......#.# #.#####
#.#.##.# .......
#...@# #.#####
#.#.o# # #go# #..#
#..# # .... . #..#
. g... #


You could see an orc priest, an orc, a hobgoblin and a goblin.

Vanquished Creatures
  An orc wizard (D:3)
  A worker ant (D:3)
  3 gnolls (D:2)
  An ooze (D:2)
  A worm (D:2)
  A dart slug (D:1)
  2 leopard geckos
  4 orcs
  3 giant cockroaches (D:1)
  4 goblins
  2 hobgoblins
  3 jackals
  A quokka (D:2)
  A ball python (D:1)
  4 bats (D:1)
  A frilled lizard (D:2)
  8 kobolds
  2 rats
43 creatures vanquished.

Notes
Turn   | Place    | Note
-------+----------+-------------------------------------------
     0 | D:1      | Mrkan the Minotaur Fighter began the quest for the Orb.
     0 | D:1      | Reached XP level 1. HP: 19/19 MP: 0/0
   125 | D:1      | Reached XP level 2. HP: 24/27 MP: 1/1
   545 | D:2      | Found a stormy altar of Qazlal.
   577 | D:2      | Reached XP level 3. HP: 33/33 MP: 2/2
   675 | D:2      | HP: 1/33 [gnoll (7)]
   676 | D:2      | Reached XP level 4. HP: 2/40 MP: 3/3
  1012 | D:2      | Found a corrupted altar of Lugonu.
  1016 | D:2      | Became a worshipper of Lugonu the Unformed
  1273 | D:2      | Found a faded altar of an unknown god.
  1273 | D:2      | Found a faded altar of an unknown god.
  1279 | D:2      | Found a shimmering altar of Xom.
  1281 | D:2      | Found a sparkling altar of Nemelex Xobeh.
  1282 | D:2      | Found an iron altar of Okawaru.
  1545 | D:3      | Reached XP level 5. HP: 42/47 MP: 4/4
  1607 | D:3      | Killed from afar by an orc priest

Skill      XL: |  1  2  3  4 |
---------------+-------------+-----
Axes           | 3 4 |  4.4
Fighting       | 4 |  4.4
Shields        | 4 |  4.4
Armour         | 4 |  4.4
Invocations    | |  0.7

Action                   |  1- 3 |  4- 6 || total
-------------------------+-------+-------++-------
Melee: War axe           |    54 |    43 ||    97
       Headbutt          |     8 |    11 ||    19
  Eat: Chunk             |       |     2 ||     2
Armor: Scale mail        |    20 |     3 ||    23
       Plate armour      |       |    14 ||    14
Dodge: Dodged            |    22 |    12 ||    34
Block: Shield            |    26 |    19 ||    45
